[Event "*** Titled Tuesday Blitz"]
[Site "Chess.com"]
[Date "2021.03.30"]
[Round "5"]
[White "PawnEatingZombie"]
[Black "Romadk"]
[Result "1/2-1/2"]
[WhiteElo "2185"]
[BlackElo "2305"]
[TimeControl "180+1"]
[EndTime "10:53:49 PDT"]
[Termination "Game drawn by repetition"]

1. d4 Nf6 2. c4 e6 3. Nc3 Bb4 4. Qc2 O-O 5. e4 Nc6 6. e5 Ne8 7. Nf3 f6 8. Bd3 g6 9. h4 fxe5 10. dxe5 Rxf3 11. gxf3 Nxe5 12. Qe2 Qf6 13. f4 Nf3+ 14.
Qxf3 Bxc3+ 15. Kf1 Bxb2 16. Bxb2 Qxb2 17. Kg2 Rb8 18.
h5 b5 19. hxg6 Nf6 20. gxh7+ Kh8 21. Qe2 Bb7+ 22. f3 Qd4 23. Qe5 Bxf3+ 24. Kxf3 Qxd3+ 25. Kf2 Qd2+ 26. Kf3 Qd3+ 27. Kf2 Qd2+ 28. Kf3 Qd3+ 1/2-1/2

[Event "*** Titled Tuesday Blitz"]
[Site "Chess.com"]
[Date "2021.03.30"]
[Round "5"]
[White "BendyBear"]
[Black "TioCridineno"]
[Result "1-0"]
[WhiteElo "2445"]
[BlackElo "2268"]
[TimeControl "180+1"]
[EndTime "10:53:52 PDT"]
[Termination "BendyBear won by resignation"]

1. e4 c5 2. Nc3 a6 3. a4 e6 4.
f4 d5 5. Nf3 d4 6. Ne2 Nc6 7. d3 Nf6 8. g3 Be7 9. Bg2 O-O 10. O-O Rb8 11. h3 b5 12. axb5 axb5 13. g4 Nd7 14. Qe1 Bb7 15. f5 Nde5 16. Bf4 Bd6 17.
Nxe5 Bxe5 18. Bxe5 Nxe5 19. Qg3 Qc7 20. Ra7 Ra8 21.
Rxb7 Qxb7 22. Qxe5 Qb8 23. Qxc5 Rc8 24. Qxd4 Rxc2 25. fxe6 fxe6 26. Nf4 e5 27. Qd5+ Kh8 28. Ne6 Qb6+ 29. Kh2 Qe3 30. Qd7 Rg8 31. Rf8 Rxg2+ 32.
Kxg2 Qd2+ 33. Rf2 Qe3 34. Qxb5 h6 35. Qxe5 Kh7 36. Qf5+ Kh8 37. Nf8 1-0

[Event "*** Titled Tuesday Blitz"]
[Site "Chess.com"]
[Date "2021.03.30"]
[Round "5"]
[White "rugbyclub"]
[Black "Titus369"]
[Result "0-1"]
[WhiteElo "2268"]
[BlackElo "2521"]
[TimeControl "180+1"]
[EndTime "10:53:58 PDT"]
[Termination "Titus369 won by checkmate"]

1. e4 c5 2. Nc3 Nc6 3. Bb5 Nd4 4. Nf3 e6 5. O-O a6 6. Bd3 Qc7 7. Nxd4 cxd4 8. Ne2 Bc5 9. b3 Ne7 10. Bb2 Nc6 11. a3 b5 12. f4 O-O 13. Qe1 d6 14. Qh4 g6 15. Rf3 f5 16. Rg3 Bb7 17. Kh1 Nd8 18.
exf5 exf5 19. Ng1 Ne6 20. Nf3 Rae8 21. c3 Qe7 22. Qh6 dxc3 23. Bxc3 Bxf3 24. Rxg6+ hxg6 25. Qh8+ Kf7 26. Qh7+ Ng7 27. Qxg7+ Ke6 28. Re1+ Kd7 29. Rxe7+ Rxe7 30. Qxf8 Re1+ 31. Bf1 Rxf1# 0-1

[Event "*** Titled Tuesday Blitz"]
[Site "Chess.com"]
[Date "2021.03.30"]
[Round "5"]
[White "Andrii_Prydun"]
[Black "DanilovVladimir"]
[Result "0-1"]
[WhiteElo "2270"]
[BlackElo "2492"]
[TimeControl "180+1"]
[EndTime "10:53:59 PDT"]
[Termination "DanilovVladimir won by resignation"]

1. d4 c5 2. d5 e5 3. c4 d6 4. Nc3 f5 5. a3 Nf6 6. b4 b6 7.
Rb1 Be7 8. h3 O-O 9. Qc2 e4 10.
g4 Nbd7 11. gxf5 Ne5 12. Nxe4 Nxe4 13. Bg2 Nxf2 14. e4 Bh4 15. Kf1 Nxh1 16. Bxh1 Bg5 17. Qg2 Bxc1 18. Rxc1 Bxf5 19. exf5 Rxf5+ 20. Ke2 Qf6 21. Qg3 Re8 22. Be4 Nf7 0-1

[Event "*** Titled Tuesday Blitz"]
[Site "Chess.com"]
[Date "2021.03.30"]
[Round "5"]
[White "Blitzking642"]
[Black "besarquis"]
[Result "0-1"]
[WhiteElo "2429"]
[BlackElo "2264"]
[TimeControl "180+1"]
[EndTime "10:54:01 PDT"]
[Termination "besarquis won by resignation"]

1. e4 c5 2. Nf3 Nc6 3. d4 cxd4 4. Nxd4 Nf6 5. Nc3 e5 6. Nf5 d5 7. exd5 Bxf5 8. dxc6 Qxd1+ 9. Nxd1 bxc6 10. Ne3 Bg6 11. Ba6 Rb8 12. O-O Bc5 13. Nc4 O-O 14. Nxe5 Bxc2 15.
Bg5 Rb6 16. Rac1 Rxb2 17. Bd3 Bd4 18. Bxc2 Bxe5 19. Bb3 Ne4 20. Be3 Nc3 21. Kh1 Nxa2 22. Bxa2 Rxa2 23. Rxc6 h6 24. f4 Bf6 25. Rc7 a5 26. Ra7 Re8 27. Bb6 a4 0-1

[Event "*** Titled Tuesday Blitz"]
[Site "Chess.com"]
[Date "2021.03.30"]
[Round "5"]
[White "morte-negra"]
[Black "Tea99"]
[Result "0-1"]
[WhiteElo "1894"]
[BlackElo "2295"]
[TimeControl "180+1"]
[EndTime "10:54:01 PDT"]
[Termination "Tea99 won on time"]

1. e4 e6 2. d4 d5 3. e5 c5 4. c3 Nc6 5. Nf3 Nge7 6. Na3 a6 7. Nc2 Nf5 8. Bd3 Be7 9. Bxf5 exf5 10. O-O O-O 11. a3 c4 12. Rb1 Na5 13. b4 cxb3 14. Nb4 Be6 15. Nd2 Rc8 16. Bb2 f4 17. Nxb3 Bf5 18.
Rc1 Nc4 19. Qe2 a5 20. Nc2 Nxb2 0-1

[Event "*** Titled Tuesday Blitz"]
[Site "Chess.com"]
[Date "2021.03.30"]
[Round "5"]
[White "RafalBRC"]
[Black "losersgame"]
[Result "0-1"]
[WhiteElo "2184"]
[BlackElo "2329"]
[TimeControl "180+1"]
[EndTime "10:54:02 PDT"]
[Termination "losersgame won by resignation"]

1. d4 Nf6 2. c4 Nc6 3. Nc3 e5 4. d5 Ne7 5. e4 Ng6 6. Nf3 Bc5 7. a3 a5 8. Be2 d6 9. Rb1 O-O 10. b4 axb4 11. axb4 Ba7 12. O-O Ne8 13. Ra1 Bxf2+ 14. Kxf2 Rxa1 15. Qc2 f5 16. c5 fxe4 17. Nxe4 Bf5 18. g3 Nf6 19. Bd3 Kh8 20. Kg2 Nxd5 21. Qc4 Be6 22. Qb5 Qc8 23. cxd6 Bh3+ 24. Kg1 Bxf1 25.
d7 Qd8 26. Bxf1 Rxc1 27. Nfg5 Rcxf1+ 28. Kg2 c6 29. Qc5 Qxd7 0-1

[Event "*** Titled Tuesday Blitz"]
[Site "Chess.com"]
[Date "2021.03.30"]
[Round "5"]
[White "dosto07"]
[Black "szachuspl"]
[Result "1-0"]
[WhiteElo "2422"]
[BlackElo "2538"]
[TimeControl "180+1"]
[EndTime "10:54:05 PDT"]
[Termination "dosto07 won by resignation"]

1. e4 c5 2. Nf3 e6 3. c3 Nf6 4.
e5 Nd5 5. Bc4 Nb6 6. Bb3 Nc6 7.
d4 cxd4 8. cxd4 d6 9. exd6 Bxd6 10. Nc3 O-O 11. O-O Ne7 12. Re1 Bd7 13. Ne4 Bc6 14. Bg5 h6 15. Bh4 Bb4 16. Re2 Bd5 17. Bc2 Bc4 18. Bd3 Bxd3 19. Qxd3 Nbd5 20. Qb5 b6 21. Rc1 a6 22. Qa4 b5 23. Qb3 Rc8 24. Rxc8 Qxc8 25. Rc2 Qb7 26. a3 Ba5 27. Nc5 Qa8 28. Bxe7 Nxe7 29.
Nxe6 fxe6 30. Qxe6+ Rf7 31. Ne5 Qd5 32. Rc8+ Kh7 33.
Qxd5 Nxd5 34. Nxf7 Bb6 35. h4 Bxd4 36. Rd8 Nf4 37. g3 Ne6 38. Rd6 Kg6 39. Nd8 1-0

[Event "*** Titled Tuesday Blitz"]
[Site "Chess.com"]
[Date "2021.03.30"]
[Round "5"]
[White "Carnivoras"]
[Black "DKmirl"]
[Result "1-0"]
[WhiteElo "2577"]
[BlackElo "2026"]
[TimeControl "180+1"]
[EndTime "10:54:05 PDT"]
[Termination "Carnivoras won by checkmate"]

1. d4 Nf6 2. c4 e6 3. Nc3 c5 4. d5 exd5 5. cxd5 d6 6. e4 g6 7.
f4 Bg7 8. Bb5+ Nfd7 9. Nf3 O-O 10.
O-O a6 11. Bd3 b5 12. f5 c4 13. Bc2 Qb6+ 14. Kh1 Ne5 15. Bg5 Ng4 16. Qd2 b4 17. Na4 Qa7 18. h3 c3 19. bxc3 bxc3 20. Qf4 Ne5 21.
f6 Bh8 22. Nxe5 dxe5 23. Qxe5 Bd7 24. Nxc3 Re8 25. Qg3 Qc5 26. Bb3 Bb5 27. Nxb5 axb5 28. e5 Nd7 29. e6 Nb6 30. exf7+ Kxf7 31. d6+ Nc4 32. Rae1 Rad8 33. Re7+ Rxe7 34. fxe7+ Ke8 35. exd8=Q# 1-0

[Event "*** Titled Tuesday Blitz"]
[Site "Chess.com"]
[Date "2021.03.30"]
[Round "5"]
[White "Nikolaj_6"]
[Black "OparinGrigoriy"]
[Result "0-1"]
[WhiteElo "2649"]
[BlackElo "2981"]
[TimeControl "180+1"]
[EndTime "10:54:06 PDT"]
[Termination "OparinGrigoriy won by resignation"]

1. e4 d6 2. d4 e5 3. Nf3 Nd7 4. Bc4 exd4 5. Qxd4 Ngf6 6. Nc3 Nb6 7. Bb3 Be7 8. Bf4 O-O 9. O-O-O a5 10. a4 Be6 11.
Bxe6 fxe6 12. e5 Nfd5 13. Nxd5 Nxd5 14. Bg3 Qd7 15. Kb1 c5 16. Qc4 Nb6 17. Qb3 Ra6 18.
exd6 Bf6 19. Be5 Nd5 20. Qb5 Rd8 21. c4 Nb4 22. Bxf6 gxf6 23. Rhe1 Qxb5 24. axb5 Raxd6 25. Rxd6 Rxd6 26. b3 Kf7 27. Re2 e5 28. Nh4 Ke6 29.
g4 Rd3 30. Kb2 Rh3 31. Nf5 Rxh2 32. Rd2 Rxf2 33. Rxf2 Nd3+ 34. Kc3 Nxf2 0-1

[Event "*** Titled Tuesday Blitz"]
[Site "Chess.com"]
[Date "2021.03.30"]
[Round "5"]
[White "Ave_Mariia"]
[Black "KarateBaby"]
[Result "1-0"]
[WhiteElo "2500"]
[BlackElo "2311"]
[TimeControl "180+1"]
[EndTime "10:54:06 PDT"]
[Termination "Ave_Mariia won by resignation"]

1. d4 Nf6 2. c4 g6 3. Nc3 Bg7 4. e4 d6 5. Be2 O-O 6. Nf3 Nbd7 7. O-O e5 8. Re1 Re8 9. Bf1 a6 10. Be3 exd4 11. Bxd4 c6 12. Qc2 Ne5 13. Nxe5 dxe5 14. Be3 Nh5 15. Rad1 Qe7 16. c5 Be6 17. Rd6 f5 18. Red1 f4 19. Bc1 f3 20.
g3 Rad8 21. Na4 Qf7 22. Qd3 Rxd6 23. cxd6 Bxa2 24. d7 Rd8 25. Nc5 Be6 26. Bg5 Bf6 27.
Be3 Be7 28. Nxe6 Qxe6 29. Bb6 Nf6 30. Bxd8 Bxd8 31. Qxf3 Kf7 32. Qe3 Ke7 33. Qc5+ Kf7 34. Bc4 1-0

[Event "*** Titled Tuesday Blitz"]
[Site "Chess.com"]
[Date "2021.03.30"]
[Round "5"]
[White "frederiksvane"]
[Black "adriangschnitzer"]
[Result "1-0"]
[WhiteElo "2700"]
[BlackElo "2498"]
[TimeControl "180+1"]
[EndTime "10:54:08 PDT"]
[Termination "frederiksvane won by resignation"]

1. e4 c5 2. Nc3 Nc6 3. Nge2 g6 4. g3 Bg7 5. Bg2 h5 6. h3 d6 7. d3 Bd7 8. Be3 e5 9. Qd2 Nd4 10. Nd1 Qc8 11. c3 Bxh3 12. Rxh3 Nf3+ 13. Bxf3 Qxh3 14. d4 Rc8 15. dxc5 dxc5 16. Qd5 Ne7 17. Qxb7 O-O 18. Qxe7 Rfd8 19. c4 Rd7 20. Qh4 Qe6 21. b3 Rcd8 22.
Ndc3 Rd4 23. Nd5 Rd7 24. Kf1 Qa6 25. Kg2 f5 26. Nxd4 exd4 27. Bg5 d3 28. Rd1 Qxa2 29. Rxd3 Qc2 30. Nf6+ Bxf6 31. Rxd7 Bd4 32. Be3 1-0

[Event "*** Titled Tuesday Blitz"]
[Site "Chess.com"]
[Date "2021.03.30"]
[Round "5"]
[White "eduardoperalta"]
[Black "biveklama"]
[Result "1-0"]
[WhiteElo "2501"]
[BlackElo "2309"]
[TimeControl "180+1"]
[EndTime "10:54:08 PDT"]
[Termination "eduardoperalta won by resignation"]

1. d4 d5 2. c4 c6 3. Nf3 Nf6 4. Nc3 dxc4 5. a4 Bf5 6. Nh4 e6 7. e3 Bb4 8. Nxf5 exf5 9. Bxc4 O-O 10. O-O Nbd7 11. Qc2 g6 12. Ne2 Nb6 13. Bb3 Re8 14. Ng3 Nbd5 15. Bc4 a5 16. b3 h5 17. Rd1 Rc8 18.
Bb2 Rc7 19. Rd3 Rce7 20. Rf1 Bd6 21. Rdd1 Qb8 22. Rfe1 f4 23. Nf1 fxe3 24. fxe3 Nxe3 25. Qxg6+ Kf8 26. Qxf6 Kg8 27. Qg6+ Kf8 28. Qh6+ Kg8 29. Nxe3 Bxh2+ 30. Kh1 Qg3 31. Qxh5 Qf4 32. Qxh2 Qg5 33. Bc1 1-0

[Event "*** Titled Tuesday Blitz"]
[Site "Chess.com"]
[Date "2021.03.30"]
[Round "5"]
[White "bazar-wokzal"]
[Black "Rital44"]
[Result "0-1"]
[WhiteElo "2565"]
[BlackElo "2443"]
[TimeControl "180+1"]
[EndTime "10:54:09 PDT"]
[Termination "Rital44 won by checkmate"]

1. e4 e5 2. Bc4 Nf6 3. d3 Nc6 4. Nf3 h6 5. O-O g5 6. Nc3 g4 7. Nh4 Nxe4 8. dxe4 Qxh4 9. Nd5 Bd6 10. f4 b5 11. Bxb5 Bb7 12. c3 g3 13. h3 Ne7 14. fxe5 Bc5+ 15. Kh1 Qxe4 16. Nf6+ Kf8 17. Nxe4 Bxe4 18. Qxd7 c6 19. Bc4 Rh7 20. Bxh6+ Kg8 21.
Rxf7 Rxf7 22. Rf1 Bf2 23. Bg5 Nd5 24. Qg4 Bf5 25. Qh4 Rh7 26. Bh6 Rf8 27. Qg5+ Kh8 28.
Bxf8 Rxh3+ 29. gxh3 Be4# 0-1

[Event "*** Titled Tuesday Blitz"]
[Site "Chess.com"]
[Date "2021.03.30"]
[Round "5"]
[White "NiranjanNavalgund"]
[Black "kidagent"]
[Result "1-0"]
[WhiteElo "2506"]
[BlackElo "2322"]
[TimeControl "180+1"]
[EndTime "10:54:09 PDT"]
[Termination "NiranjanNavalgund won by resignation"]

1. e4 c5 2. d4 cxd4 3. c3 dxc3 4. Bc4 e6 5. Nf3 Nf6 6. Nxc3 Bb4 7. e5 Ne4 8. O-O Bxc3 9. bxc3 O-O 10. Bd3 d5 11. exd6 Nxd6 12. Bg5 f6 13. Be3 Nc6 14. Bc5 Nf7 15.
Bxf8 Qxf8 16. Qc2 g6 17. Rfe1 e5 18. Bc4 Kg7 19. Rad1 Bg4 20. Bd5 Rc8 21. Qb2 b6 22. h3 Bf5 23. Nh4 Ne7 24. Nxf5+ Nxf5 25. Be6 Rc7 26. Bxf5 gxf5 27. Rd3 Nd6 28. Red1 Nc4 29. Qe2 Qf7 30. Rd8 e4 31. R1d4 Ne5 32. Ra8 Rxc3 33. Rdd8 Rc7 34. Qe3 Qxa2 35. Rg8+ Qxg8 36. Qg3+ Ng6 37.
Rxg8+ Kxg8 38. Qxc7 1-0

[Event "*** Titled Tuesday Blitz"]
[Site "Chess.com"]
[Date "2021.03.30"]
[Round "5"]
[White "MYMChessAcademy"]
[Black "AthanasiusLefebvre"]
[Result "0-1"]
[WhiteElo "2204"]
[BlackElo "2026"]
[TimeControl "180+1"]
[EndTime "10:54:09 PDT"]
[Termination "AthanasiusLefebvre won by checkmate"]

1. e4 c5 2. Nf3 e6 3. d4 cxd4 4. Nxd4 a6 5. Nc3 Qc7 6. Be3 b5 7. a3 Bb7 8. Be2 Nf6 9. Bf3 Nc6 10. O-O Bd6 11. h3 Be5 12. Nxc6 Bxc6 13. Qd2 h5 14.
Rad1 Ng4 15. Bd4 Bxd4 16. Bxg4 Bxc3 17. Qxc3 hxg4 18. Qxg7 O-O-O 19. Qxg4 Rdg8 20. Qf3 f5 21. Rfe1 Bxe4 22. Rxe4 fxe4 23. Qxe4 Rxh3 24. Qa8+ Qb8 25. Qxa6+ Kd8 26. Qa5+ Ke8 27. Qd2 Qh2+ 28. Kf1 Qxg2+ 29. Ke2 Qf3+ 30. Kf1 Rh1# 0-1

[Event "*** Titled Tuesday Blitz"]
[Site "Chess.com"]
[Date "2021.03.30"]
[Round "5"]
[White "Omk124"]
[Black "reniite"]
[Result "1-0"]
[WhiteElo "2483"]
[BlackElo "2002"]
[TimeControl "180+1"]
[EndTime "10:54:10 PDT"]
[Termination "Omk124 won by resignation"]

1. e4 e5 2. Nf3 Nc6 3. Bc4 Nf6 4. d3 Bc5 5. c3 d6 6. Nbd2 a5 7. Bb3 O-O 8. Nf1 Re8 9. Ng3 Be6 10. Bc2 h6 11. O-O Qb8 12. d4 exd4 13. cxd4 Bc4 14. dxc5 Bxf1 15. Qxf1 dxc5 16. Be3 b6 17. a3 Rd8 18.
Ba4 Ne7 19. Qc4 c6 20. Bb3 Rf8 21. Rd1 Ng6 22. Qc2 Ng4 23. Bc1 a4 24. Bxa4 b5 25. Bb3 c4 26. Ba2 Qb6 27. h3 Nf6 28. Be3 Qc7 29. Bb1 Rfe8 30. Bd4 Nd7 31. Nh5 Nge5 32. Nxe5 Nxe5 33. Qc3 Rad8 34. Nxg7 Kxg7 35. Bxe5+ Qxe5 36. Qxe5+ Rxe5 37. Rxd8 1-0

[Event "*** Titled Tuesday Blitz"]
[Site "Chess.com"]
[Date "2021.03.30"]
[Round "5"]
[White "Eloist"]
[Black "Lenyas66"]
[Result "0-1"]
[WhiteElo "2336"]
[BlackElo "2525"]
[TimeControl "180+1"]
[EndTime "10:54:11 PDT"]
[Termination "Lenyas66 won by resignation"]

1. e4 c5 2. Nf3 Nc6 3. Bb5 Nd4 4. Nxd4 cxd4 5. O-O e6 6. c3 Bc5 7. cxd4 Bxd4 8. Nc3 Nf6 9. d3 O-O 10. Qe2 a6 11.
Ba4 d5 12. e5 Nd7 13. Bf4 b5 14. Bb3 Qb6 15. Rae1 Nc5 16. Qg4 Nxd3 17. Bh6 g6 18. Bxf8 Bxf2+ 19. Kh1 Bxe1 20. Be7 Nf2+ 21. Rxf2 Qxf2 22.
h3 Qf1+ 23. Kh2 Bb7 24. Bf6 Qf5 25. Qe2 Qf4+ 26. Kg1 Bg3 27. Qd1 Rc8 28. Ne2 Qe3+ 29. Kh1 Bxe5 0-1

[Event "*** Titled Tuesday Blitz"]
[Site "Chess.com"]
[Date "2021.03.30"]
[Round "5"]
[White "Sadykov_Ramil"]
[Black "anon6121824"]
[Result "0-1"]
[WhiteElo "2602"]
[BlackElo "2801"]
[TimeControl "180+1"]
[EndTime "10:54:12 PDT"]
[Termination "anon6121824 won on time"]

1. e4 Nf6 2. e5 Nd5 3. d4 Nb6 4. Nf3 d6 5. a4 a5 6. Nc3 g6 7.
h3 Bg7 8. Bf4 O-O 9. Be2 Nc6 10.
O-O dxe5 11. dxe5 Bf5 12. Qc1 Qc8 13. Bh6 Nxe5 14. Nxe5 Bxe5 15. Bxf8 Qxf8 16. Qe3 Qg7 17. Bd3 Kh8 18. Rfe1 f6 19. Bxf5 gxf5 20. Qf3 Rg8 21. Qxb7 Nc4 22. Nd1 Nd2 23. Ra3 Ne4 24. Ne3 Qg6 25.
Qd5 h5 26. g3 Bxg3 27. Qxf5 Bxf2+ 28. Kf1 Qg1+ 29. Ke2 Qxe1+ 30. Kf3 Rg3+ 31. Kxe4 Rxe3+ 32. Kd5 Re5+ 0-1

[Event "*** Titled Tuesday Blitz"]
[Site "Chess.com"]
[Date "2021.03.30"]
[Round "5"]
[White "olksuna"]
[Black "SmallTurtleDuck"]
[Result "1-0"]
[WhiteElo "2674"]
[BlackElo "2344"]
[TimeControl "180+1"]
[EndTime "10:54:12 PDT"]
[Termination "olksuna won by resignation"]

1. e4 c6 2. Nf3 d5 3. Nc3 Nf6 4. e5 Ne4 5. Ne2 Qb6 6. d4 e6 7.
Ng3 Nxg3 8. fxg3 c5 9. Bd3 cxd4 10. O-O Nc6 11. a3 a5 12. b3 Bc5 13. Qe2 Bd7 14.
Ng5 Nd8 15. Qh5 g6 16. Qf3 O-O 17. Nxh7 Kxh7 18. Qh5+ Kg8 19. Bxg6 fxg6 20. Qxg6+ Kh8 21. Bg5 d3+ 22. Kh1 Nc6 23. Qh6+ Kg8 24. Qg6+ Kh8 25.
Bf6+ Rxf6 26. exf6 Bf8 27. Rf4 Qd4 28. Rxd4 Nxd4 29.
f7 1-0

[Event "*** Titled Tuesday Blitz"]
[Site "Chess.com"]
[Date "2021.03.30"]
[Round "5"]
[White "NoGalloNoParty"]
[Black "theredking89"]
[Result "0-1"]
[WhiteElo "2397"]
[BlackElo "2553"]
[TimeControl "180+1"]
[EndTime "10:54:12 PDT"]
[Termination "theredking89 won by resignation"]

1. d4 Nf6 2. c4 g6 3. Nc3 Bg7 4. e4 O-O 5. Nf3 d6 6. Be2 c5 7. Be3 cxd4 8. Nxd4 Nc6 9. O-O Bd7 10. f3 Nxd4 11. Bxd4 a5 12. Qd2 Bc6 13. Rfd1 Nd7 14. Bxg7 Kxg7 15. Qd4+ Kg8 16. f4 Qb6 17. Qxb6 Nxb6 18.
Nd5 Bxd5 19. exd5 Rfc8 20. Rac1 a4 21. Kf2 Rc5 22. Ke3 Rac8 23. Kd2 Nxc4+ 24. Bxc4 Rxc4 25. Rxc4 Rxc4 26. g3 Rd4+ 27. Ke2 Rxd1 28. Kxd1 e5 29. Kd2 e4 30. Kc1 Kf8 31. g4 h5 32. h3 hxg4 33.
hxg4 f5 34. g5 Ke7 35. Kd2 Kd7 36. Kc3 Kc7 37. b4 axb3 38. axb3 Kb6 39. Kc4 Ka5 40. b4+ Ka4 41. b5 b6 0-1

[Event "*** Titled Tuesday Blitz"]
[Site "Chess.com"]
[Date "2021.03.30"]
[Round "5"]
[White "Vandros57"]
[Black "Ceejay271"]
[Result "0-1"]
[WhiteElo "2199"]
[BlackElo "2343"]
[TimeControl "180+1"]
[EndTime "10:54:13 PDT"]
[Termination "Ceejay271 won on time"]

1. d4 Nf6 2. c4 e6 3. Nf3 Bb4+ 4. Bd2 Bxd2+ 5. Qxd2 d6 6. Nc3 Qe7 7. e4 e5 8. d5 a5 9. Bd3 O-O 10. O-O Na6 11. a3 Nc5 12. Qc2 a4 13. h3 Nh5 14.
Ne2 g6 15. Rae1 f5 16. Ng3 Nf4 17. Be2 h5 18. h4 fxe4 19. Ng5 Bf5 20. N3xe4 Nxe4 21. Nxe4 Qxh4 22. g3 Nh3+ 23. Kh2 Qe7 24. Bd3 Ng5 25.
Nxg5 Qxg5 26. Be4 h4 27. Bxf5 Rxf5 28. Rg1 Raf8 29. f4 hxg3+ 30. Rxg3 Qxf4 0-1

[Event "*** Titled Tuesday Blitz"]
[Site "Chess.com"]
[Date "2021.03.30"]
[Round "5"]
[White "GOGIEFF"]
[Black "sorrm8thatscheckm8"]
[Result "1-0"]
[WhiteElo "2891"]
[BlackElo "2620"]
[TimeControl "180+1"]
[EndTime "10:54:14 PDT"]
[Termination "GOGIEFF won by resignation"]

1. d4 Nf6 2. c4 g6 3. Nc3 Bg7 4. e4 d6 5. Be2 O-O 6. Bg5 c5 7. d5 e6 8. Nf3 exd5 9. cxd5 a6 10.
a4 Nbd7 11. O-O h6 12. Be3 Re8 13. Nd2 Rb8 14. Qc2 Qe7 15. f4 Nh7 16. Rae1 g5 17.
Kh1 gxf4 18. Bxf4 Ne5 19. Nc4 Ng5 20. Ne3 Bd7 21. Bh5 Rf8 22. Nf5 Bxf5 23. exf5 b5 24.
axb5 axb5 25. f6 Bxf6 26. h4 Nh7 27. Bxh6 Bxh4 28. Re3 Bg5 29. Rg3 Kh8 30. Bxf8 Qxf8 31.
Rh3 Qg7 32. Ne4 Be7 33. Ng3 Rg8 34. Nf5 Qf6 35. Be2 Ng6 36. Nh6 Qg5 37. Nxf7+ 1-0

[Event "*** Titled Tuesday Blitz"]
[Site "Chess.com"]
[Date "2021.03.30"]
[Round "5"]
[White "xurramid77"]
[Black "Alexander_Zubov"]
[Result "1/2-1/2"]
[WhiteElo "2654"]
[BlackElo "2970"]
[TimeControl "180+1"]
[EndTime "10:54:15 PDT"]
[Termination "Game drawn by agreement"]

1. e4 c5 2. c3 Nf6 3. e5 Nd5 4. Bc4 e6 5. Nf3 d6 6. exd6 Bxd6 7. d4 O-O 8. dxc5 Bxc5 9. O-O Nf6 10. Qe2 Qc7 11. Bg5 Nbd7 12. Nbd2 b6 13. Rfe1 Bb7 14. Bb3 Rac8 15. Bc2 Be7 16. Bh4 Qc6 17. Ne4 Rfe8 18.
Rad1 h6 19. Nd4 Qc4 20. Bd3 Qd5 21. Nb5 Nxe4 22. Bxe4 Qxe4 23. Qxe4 Bxe4 24. Rxd7 Bc6 25. Rxe7 Rxe7 26. Bxe7 Bxb5 27. Rd1 f6 1/2-1/2

[Event "*** Titled Tuesday Blitz"]
[Site "Chess.com"]
[Date "2021.03.30"]
[Round "5"]
[White "dpopadic"]
[Black "MikeSailer"]
[Result "1-0"]
[WhiteElo "2309"]
[BlackElo "2119"]
[TimeControl "180+1"]
[EndTime "10:54:17 PDT"]
[Termination "dpopadic won by resignation"]

1. e4 d5 2. exd5 Qxd5 3. Nc3 Qd6 4. d4 Nf6 5. Nf3 c6 6. h3 Bf5 7. Bc4 e6 8. Qe2 Be7 9. Bg5 Nbd7 10. O-O-O O-O-O 11. Ne5 Rhf8 12. Bf4 Qb4 13. Bb3 Nxe5 14. Bxe5 Bd6 15. g4 Bg6 16. f3 Bxe5 17. dxe5 Nd5 18.
Ne4 Bxe4 19. fxe4 Nf4 20. Qe3 Ng6 21. Qxa7 Nxe5 22. Qe3 Rxd1+ 23. Rxd1 Rd8 24. Rxd8+ Kxd8 25. a3 Qe7 26. Qd4+ Nd7 27. Qxg7 Qh4 28. Kb1 Qe1+ 29. Ka2 Qxe4 30. Qxf7 Nc5 31. Qf8+ Kc7 32. Qxc5 1-0

[Event "*** Titled Tuesday Blitz"]
[Site "Chess.com"]
[Date "2021.03.30"]
[Round "5"]
[White "Fy_Rakotomaharo"]
[Black "ChessWarrior7197"]
[Result "0-1"]
[WhiteElo "2715"]
[BlackElo "2900"]
[TimeControl "180+1"]
[EndTime "10:54:20 PDT"]
[Termination "ChessWarrior7197 won by resignation"]

1. e4 c6 2. Nf3 d5 3. d3 g6 4.
e5 Bg4 5. Nbd2 Bg7 6. h3 Bxf3 7. Nxf3 e6 8. d4 Nd7 9. Bd3 f6 10. exf6 Ngxf6 11. O-O O-O 12. Re1 Re8 13. Bf4 Qb6 14. Rb1 Nh5 15. Be3 Qc7 16. Qd2 e5 17. Nxe5 Nxe5 18.
dxe5 Bxe5 19. c3 Qf7 20. Bf1 Re6 21. Bd4 Rae8 22. Bxa7 Bf4 23. Be3 Bxe3 24. Rxe3 Rxe3 25. fxe3 Ng3 26. Bd3 Rf8 27. Re1 h5 28. a4 h4 29. e4 dxe4 30. Bxe4 Qf1+ 0-1

[Event "*** Titled Tuesday Blitz"]
[Site "Chess.com"]
[Date "2021.03.30"]
[Round "5"]
[White "MarcoRiehle"]
[Black "Manukyan_Artak"]
[Result "1-0"]
[WhiteElo "2694"]
[BlackElo "2467"]
[TimeControl "180+1"]
[EndTime "10:54:20 PDT"]
[Termination "MarcoRiehle won by resignation"]

1. e4 c6 2. c4 d5 3. cxd5 cxd5 4. exd5 Nf6 5. Nc3 g6 6. Bc4 Bg7 7.
Nf3 O-O 8. O-O Nbd7 9. d3 Nb6 10.
Qb3 Bf5 11. Re1 Rc8 12. Be3 Nxc4 13. dxc4 Bd3 14. Ne5 Bf5 15. Bxa7 h5 16. Qxb7 Rc7 17. Qb6 Qc8 18. Nc6 Kh7 19. Nxe7 Qd7 20. Nxf5 gxf5 21.
Nb5 Rb7 22. Qe3 Ng4 23. Qg5 Rxa7 24. Nxa7 Qxa7 25. Qxf5+ Kg8 26. h3 Nxf2 27. Kh2 h4 28. Re2 Bd4 29. Qg5+ Bg7 30. Qxh4 Nd3 31. Qg3 Nxb2 32.
Rxb2 Qd4 33. Rab1 Kh7 34. Re2 Bh6 35. Rf1 Qxc4 36. Qf3 f5 37. d6 Rf7 38. Re7 f4 39. Rxf7+ Qxf7 40. Qd3+ Kg7 41. d7 1-0

[Event "*** Titled Tuesday Blitz"]
[Site "Chess.com"]
[Date "2021.03.30"]
[Round "5"]
[White "chegueps"]
[Black "kflorian98"]
[Result "0-1"]
[WhiteElo "2461"]
[BlackElo "2683"]
[TimeControl "180+1"]
[EndTime "10:54:21 PDT"]
[Termination "kflorian98 won by checkmate"]

1. d4 a6 2. g3 Ra7 3. Bg2 b5 4. Nf3 Bb7 5. O-O e6 6. Re1 Nf6 7. Nbd2 d5 8. a4 b4 9. Nb3 Nbd7 10. a5 Ra8 11. Bf4 c5 12. dxc5 Nxc5 13. c3 Nce4 14. Nbd4 Bc5 15. cxb4 Ba7 16. e3 O-O 17. b5 axb5 18.
Nxb5 Bc5 19. Qa4 Qe7 20. Nc7 Rac8 21. a6 Rxc7 22. Bxc7 Qxc7 23. axb7 Qxb7 24. Rec1 Qxb2 25. Rc2 Qb6 26. Nd2 Nxf2 27. Kxf2 Bxe3+ 28. Ke2 Bg1 29. Qb3 Qf2+ 30. Kd3 Qe3# 0-1

[Event "*** Titled Tuesday Blitz"]
[Site "Chess.com"]
[Date "2021.03.30"]
[Round "5"]
[White "DanielNaroditsky"]
[Black "exoticprincess"]
[Result "1-0"]
[WhiteElo "3043"]
[BlackElo "2857"]
[TimeControl "180+1"]
[EndTime "10:54:22 PDT"]
[Termination "DanielNaroditsky won by checkmate"]

1. d4 d5 2. c4 c6 3. Nc3 Nf6 4. Nf3 dxc4 5. a4 a5 6. e3 Bg4 7. Bxc4 e6 8. h3 Bh5 9. O-O Nbd7 10. Be2 Be7 11. e4 O-O 12. Be3 Bg6 13. Bd3 Re8 14.
Qc2 Rc8 15. Rad1 Qc7 16. Rfe1 h6 17. Qc1 Nf8 18. Ne5 Bh7 19. Nc4 Bb4 20. Bf4 Qe7 21. Bc2 N6d7 22. Re3 Ng6 23. Bh2 e5 24. d5 Nf4 25.
Bxf4 exf4 26. Rf3 Ne5 27. Nxe5 Qxe5 28. Qxf4 Qxf4 29. Rxf4 cxd5 30. Rxd5 Bxc3 31. bxc3 Rxc3 32. Bd3 Bg6 33. f3 Rec8 34. h4 Ra3 35. h5 Bh7 36.
Rd7 Rf8 37. Bc4 Rxa4 38. Rfxf7 Rxf7 39. Rd8# 1-0

[Event "*** Titled Tuesday Blitz"]
[Site "Chess.com"]
[Date "2021.03.30"]
[Round "5"]
[White "AlexSuv"]
[Black "Limelight2727"]
[Result "0-1"]
[WhiteElo "2543"]
[BlackElo "2358"]
[TimeControl "180+1"]
[EndTime "10:54:22 PDT"]
[Termination "Limelight2727 won by resignation"]

1. d4 Nf6 2. c4 e6 3. Nc3 Bb4 4. e3 Ne4 5. Ne2 b6 6. f3 Nxc3 7. bxc3 Be7 8. e4 Bb7 9. Ng3 c5 10. d5 d6 11. Bd3 Bg5 12. f4 Bh4 13. O-O O-O 14. Qg4 Bxg3 15. Qxg3 f5 16. Re1 fxe4 17.
Bxe4 exd5 18. Bxd5+ Bxd5 19. cxd5 Nd7 20. c4 Qf6 21. Be3 Rae8 22. a4 Re4 23. Rac1 Rfe8 24.
Bf2 Rxe1+ 25. Bxe1 Qb2 26. Qc3 Qxc3 27. Bxc3 Re4 28. Bd2 Rd4 29. Be3 Rd3 30. Kf2 Ra3 31. f5 Rxa4 32. Bf4 Nf6 33. Re1 Rxc4 34. Bxd6 Ne4+ 35. Rxe4 Rxe4 36. Bc7 Rd4 37. d6 Kf7 0-1